 Dungeon Crawl Stone Soup version 0.21-a0-509-gecc5317 (webtiles) character file.

662 Laiders the Cudgeler (level 7, 0/35 HPs)
             Began as a Vine Stalker Fighter on Nov 30, 2017.
             Slain by Blork the orc
             ... wielding a +0 halberd
              (6 damage)
             ... on level 4 of the Dungeon.
             The game lasted 00:11:10 (3653 turns).

Laiders the Cudgeler (Vine Stalker Fighter)         Turns: 3653, Time: 00:11:11

Health: 0/35       AC: 15    Str: 18    XL:     7   Next: 56%
Magic:  0/10       EV:  7    Int: 10    God:
Gold:   150        SH:  9    Dex: 14    Spells: 6/6 levels left

rFire    . . .     SeeInvis .   v - +2 flail (protect)
rCold    . . .     Gourm    .   c - +0 shield
rNeg     . . .     Faith    .   b - +2 scale mail
rPois    .         Spirit   +   (no helmet)
rElec    .         Reflect  .   (no cloak)
rCorr    .         Harm     .   (no gloves)
MR       .....                  (no boots)
Stlth    ..........             n - amulet of rage
HPRegen  0.51/turn              (no ring)
MPRegen  0.12/turn              (no ring)

@: about to teleport, protection aura
A: fangs 2, regeneration 1, magic shield, antimagic bite, no potion heal 3, rot
immunity
a: Evoke Berserk Rage


You were on level 4 of the Dungeon.
You were very hungry.

You visited 1 branch of the dungeon, and saw 4 of its levels.

You collected 150 gold pieces.

Inventory:

Hand Weapons
 v - a +2 flail of protection (weapon)
Missiles
 s - 4 tomahawks (quivered)
Armour
 b - a +2 scale mail (worn)
 c - a +0 shield (worn)
Jewellery
 n - an amulet of rage (around neck)
 o - a +3 amulet of reflection
Wands
 g - a wand of scattershot (3)
Scrolls
 d - a scroll of magic mapping {unknown}
 h - a scroll of identify
 i - 2 scrolls of remove curse
 j - a scroll of teleportation
 l - a scroll of amnesia {unknown}
 q - a scroll of fog {unknown}
Potions
 e - a potion of haste {unknown}
 k - 4 potions of heal wounds
 u - 2 potions of curing {unknown}
Comestibles
 f - 3 bread rations
 m - a meat ration
 p - 3 fruits
 t - a royal jelly


   Skills:
 - Level 2.6 Fighting
 + Level 6.3 Maces & Flails
 - Level 2.4 Armour
 - Level 2.6 Shields
 + Level 3.7 Evocations


You had 6 spell levels left.
You didn't know any spells.

Dungeon Overview and Level Annotations

Branches:
Dungeon (4/15)
 Temple: D:4-7

Altars:
Makhleb
Nemelex Xobeh

Annotations:
D:4 Blork the orc


Innate Abilities, Weirdness & Mutations

You have extremely sharp teeth.
Your natural rate of healing is unusually fast.
When hurt, damage is shared between your health and your magic reserves.
Your bite disrupts and absorbs the magic of your enemies.
Potions cannot restore your health.
You are immune to rotting.


Message History

Blork the orc is heavily wounded.
Blork the orc falters for a moment.
You block the orc priest's attack.
You hit Blork the orc.
Blork the orc is severely wounded.
Blork the orc hits you but does no damage.
The orc priest invokes the aid of Beogh against you.
Beogh smites you! The orc barely misses you.
The orc priest miscasts a cantrip.
You thump Blork the orc!
You bite Blork the orc, but do no damage.
Blork the orc is almost dead.
You block Blork the orc's attack.
The orc priest mumbles some strange prayers to Beogh against you.
Beogh smites you!
* * * LOW HITPOINT WARNING * * *
The orc closely misses you.
Okay, then.
As you read the scroll of teleportation, it crumbles to dust.
You feel strangely unstable. Blork the orc hits you with a halberd!
You die...

#.#....### #.#....#.. ..# .....
#.#...<#.# ###.###.....
#.#.)..#.# #......(...
#.#....#.###......>o#
#.#.###............o#
#...###.........o...#
................oo..####
##..............@o......
###.....####.........##.
.###....# #.........# ..##....#
#.........# .. .).#.####
#.........# .# #..#.#
#........... ..# ..##.#
#........###. ..# # ..##.#
######.... #.#..
.....########################.#.#


You could see Blork the orc, 2 orc priests and 3 orcs.

Vanquished Creatures
  Edmund (D:4)
  The ghost of Laiders the Cudgeler, an amateur VSFi (D:3)
  A hound (D:2)
  An orc priest (D:3)
  3 orc wizards (D:3)
  Jessica (D:3)
  A killer bee zombie (D:4)
  A hound skeleton (D:4)
  A worker ant zombie (D:2)
  7 gnolls
  5 adders (D:2)
  2 oozes (D:2)
  2 worms (D:2)
  4 dart slugs
  2 leopard geckos (D:1)
  9 orcs
  A bat zombie (D:1)
  2 giant cockroaches
  6 goblins
  6 hobgoblins
  3 jackals
  8 kobolds
  4 quokkas
  10 bats
  4 frilled lizards
  A leopard gecko skeleton (D:4)
  A leopard gecko zombie (D:1)
  6 rats
94 creatures vanquished.

Notes
Turn   | Place    | Note
-------+----------+-------------------------------------------
     0 | D:1      | Laiders the Vine Stalker Fighter began the quest for the Orb.
     0 | D:1      | Reached XP level 1. HP: 11/11 MP: 2/2
    21 | D:1      | Reached skill level 2 in Maces & Flails
   416 | D:1      | Reached XP level 2. HP: 16/16 MP: 3/3
   730 | D:1      | Reached skill level 3 in Maces & Flails
   734 | D:1      | Reached XP level 3. HP: 16/19 MP: 4/4
  1403 | D:2      | Gained mutation: Your natural rate of healing is unusually fast. [Vine Stalker growth]
  1403 | D:2      | Reached XP level 4. HP: 4/23 MP: 5/5
  1417 | D:2      | Reached skill level 4 in Maces & Flails
  1847 | D:2      | Reached XP level 5. HP: 27/27 MP: 6/6
  1890 | D:2      | Found a burning altar of Makhleb.
  1931 | D:2      | Found a faded altar of an unknown god.
  1988 | D:2      | Reached skill level 5 in Maces & Flails
  2326 | D:2      | Reached skill level 1 in Evocations
  2356 | D:3      | Reached XP level 6. HP: 32/32 MP: 6/8
  2406 | D:3      | Noticed Laiders's ghost (amateur VSFi)
  2592 | D:3      | Killed Laiders's ghost
  2801 | D:3      | Reached XP level 7. HP: 35/35 MP: 8/10
  2992 | D:3      | Found a sparkling altar of Nemelex Xobeh.
  2992 | D:3      | Noticed Jessica
  2996 | D:3      | Killed Jessica
  2996 | D:3      | Reached skill level 6 in Maces & Flails
  3531 | D:4      | Noticed Edmund
  3578 | D:4      | Killed Edmund
  3644 | D:4      | Noticed Blork the orc
  3653 | D:4      | Slain by Blork the orc

Vault maps used:
D:1:      saegor_arrival_fortress, serial_forest, infiniplex_forest_lined_2,
          infiniplex_forest_straight_3, infiniplex_forest_clump_long,
          infiniplex_forest_clump_curved, infiniplex_forest_end_2,
          infiniplex_forest_lined_2, infiniplex_forest_straight_4,
          infiniplex_forest_zigzag_2, infiniplex_forest_end_3
D:2:      serial_glass, glass_columns_a, glass_columns_c, glass_columns_a,
          glass_columns_b, chequers_ecumenical_altar_lobes, first_bread,
          grunt_ministairs_10, minmay_misc_feat_secret_circle,
          makhleb_blood_cavern_becter
D:3:      minmay_misc_feat_chi, nemelex_lonely_heart_becter
D:4:      kennysheep_mini, nicolae_overflow_crystal_walls, minmay_cupped,
          uniq_blork_the_orc, uniq_edmund

Skill      XL: |  1  2  3  4  5  6  7 |
---------------+----------------------+-----
Maces & Flails | 2 3 4 5 6 |  6.3
Evocations     | 1 2 3 |  3.7
Fighting       | |  2.6
Armour         | |  2.4
Shields        | |  2.6

Action                   |  1- 3 |  4- 6 |  7- 9 || total
-------------------------+-------+-------+-------++-------
Melee: Flail             |    82 |    69 |     5 ||   156
       Bite              |    17 |    41 |    36 ||    94
       Mace              |       |    89 |    93 ||   182
  Use: Scroll            |       |     5 |     3 ||     8
       Potion            |       |     1 |       ||     1
  Eat: Chunk             |       |     6 |     2 ||     8
Armor: Scale mail        |    53 |   106 |    51 ||   210
Dodge: Dodged            |    34 |    67 |    29 ||   130
Block: Shield            |    48 |   100 |    32 ||   180

Table legend:
 A = Spawn XP
 B = Non-spawn XP
 C = Spawn XP percentage of total XP
 D = Spawn monster count
 E = Non-spawn monster count
 F = Spawn count percentage of total count
 G = Total turns spent on level
                    A         B        C        D         E        F      G
               +---------+---------+-------+---------+---------+-------+---------
         Total |       0 |     947 |   0.0 |       0 |      94 |   0.0 |  3653
               +---------+---------+-------+---------+---------+-------+---------
           D:1 |       0 |      42 |   0.0 |       0 |      25 |   0.0 |  1385
           D:2 |       0 |     253 |   0.0 |       0 |      35 |   0.0 |  1053
           D:3 |       0 |     425 |   0.0 |       0 |      29 |   0.0 |   933
           D:4 |       0 |     227 |   0.0 |       0 |       5 |   0.0 |   282
               +---------+---------+-------+---------+---------+-------+---------
